Penguins vs Sharks

Created - January 19, 2017 at 17:23

Goals
1 2 3 T
Penguins 2 0 0 2
Sharks 1 0 0 1
Shots
1 2 3 T
Penguins 10 4 17 31
Sharks 16 11 12 39

1st period

1. Penguins , Nathan MacKinnon 19 (Alexander Wennberg, Matt Hunwick) at 15:19
2. Penguins , Phil Kessel 18 (Nathan MacKinnon, Alexander Wennberg) at 17:28
3. Sharks , Nick Bjugstad 14 (Marc Staal, Martin Havlat) at 18:03

Penalties :
David Savard (PIT) for Interference (Minor) at 6:37

2nd period

No Goal

Penalties :
Robert Bortuzzo (SJS) for Tripping (Minor) at 7:11, Alexander Wennberg (PIT) for Tripping (Minor) at 7:11, Ryan Suter (PIT) for Hooking (Minor) at 14:25

3rd period

No Goal

Penalties :
Seth Jones (SJS) for Boarding (Minor) at 1:55, Charlie Coyle (SJS) for Tripping (Minor) at 14:58

Goalie Stats

Louis Domingue (PIT), 38 saves from 39 shots - (0.974), W, 16-11-1, 60:00 minutes
Ryan Miller (SJS), 29 saves from 31 shots - (0.935), L, 9-18-3, 60:00 minutes

Players Stats for Penguins

Player Name              G  A  P  +/- PIM S  H  SB GA TA FO     MP     PP MP  PK MP  
------------------------------------------------------------------------------------
Alexander Wennberg       0  2  2   1  2   1  1  0  0  0  12/25  18:40   1:14   0:00 
Brandon Saad             0  0  0   0  0   2  1  0  0  0  1/1    19:01   2:44   0:19 
David Perron             0  0  0   0  0   2  3  0  0  0  0/0    11:23   0:00   0:00 
David Savard             0  0  0   1  2   1  3  0  0  0  0/0    19:50   1:14   0:41 
Dmitry Kulikov           0  0  0   0  0   1  5  1  0  0  0/0    16:02   0:00   1:56 
Jacob De La Rose         0  0  0   0  0   0  0  0  0  0  1/2     7:59   0:00   1:28 
Jakub Voracek            0  0  0   0  0   3  1  0  0  0  0/0    18:42   2:44   0:00 
Luke Glendening          0  0  0   0  0   1  0  0  0  0  6/15   14:42   0:00   2:30 
Matt Hunwick             0  1  1   1  0   2  3  2  0  0  0/0    21:27   1:29   2:02 
Nathan MacKinnon         1  1  2   1  0   5  4  0  0  0  3/3    20:07   1:14   0:00 
Oliver Bjorkstrand       0  0  0   0  0   0  1  0  0  0  0/0     5:09   0:00   0:00 
Pavel Zacha              0  0  0   0  0   0  0  0  0  0  4/8     6:18   0:00   1:09 
Phil Kessel              1  0  1   1  0   4  0  0  0  0  0/2    19:18   1:14   0:00 
Ryan Callahan            0  0  0   0  0   2  0  0  0  0  0/1    14:42   0:00   2:30 
Ryan Suter               0  0  0   0  2   2  1  0  0  0  0/0    23:11   2:29   0:41 
Victor Hedman            0  0  0   0  0   4  1  1  0  0  0/0    25:22   2:44   2:36 
William Nylander         0  0  0   0  0   1  0  0  0  0  11/26  18:01   2:44   0:00 
Xavier Ouellet           0  0  0   0  0   0  0  1  0  0  0/0    14:06   0:00   0:00 

Players Stats for Sharks

Player Name              G  A  P  +/- PIM S  H  SB GA TA FO     MP     PP MP  PK MP  
------------------------------------------------------------------------------------
Andrej Sustr             0  0  0  -1  0   0  1  0  0  0  0/0    21:43   2:07   0:00 
Andrew Shaw              0  0  0   0  0   2  2  0  0  0  0/1    19:27   0:00   0:58 
Anze Kopitar             0  0  0  -1  0   8  1  0  0  0  10/22  18:32   1:49   0:14 
Brenden Dillon           0  0  0   0  0   0  3  0  0  0  0/0    18:41   0:00   2:07 
Brooks Laich             0  0  0   0  0   0  0  0  0  0  2/2     6:45   0:00   0:58 
Charlie Coyle            0  0  0   0  2   3  2  0  0  0  1/2    19:29   1:49   0:00 
Dave Bolland             0  0  0   0  0   1  0  0  0  0  7/12    8:47   0:00   3:00 
Henrik Zetterberg        0  0  0   0  0   4  0  0  0  0  0/0    18:51   2:09   0:00 
Justin Falk              0  0  0   0  0   0  0  0  0  0  0/0    18:44   1:51   1:51 
Ladislav Smid            0  0  0   0  0   0  0  0  0  0  0/0     0:52   0:00   0:00 
Marc Staal               0  1  1  -1  0   0  1  0  0  0  0/0    20:54   0:00   2:07 
Martin Havlat            0  1  1   0  0   1  0  0  0  0  1/1    12:42   0:00   0:00 
Nick Bjugstad            1  0  1   0  0   3  4  0  0  0  5/12   14:51   2:09   0:00 
Nikolay Kulemin          0  0  0  -1  0   7  4  0  0  0  0/0    17:40   0:00   2:46 
Robert Bortuzzo          0  0  0   0  2   0  1  0  0  0  0/0    18:43   1:51   1:51 
Ryan Nugent-Hopkins      0  0  0   0  0   5  0  0  0  0  18/27  19:15   2:09   0:00 
Sam Reinhart             0  0  0  -1  0   3  0  0  0  0  1/4    17:43   1:49   0:00 
Seth Jones               0  0  0   0  2   2  0  0  0  0  0/0    20:21   2:07   0:00 

3 Stars

1 - Nathan MacKinnon (PIT)
2 - Louis Domingue (PIT)
3 - Nick Bjugstad (SJS)

Power Play

Penguins - 0 on 2 Attempt(s) - 0.00%
Sharks - 0 on 2 Attempt(s) - 0.00%

Penalty Kill

Penguins - 2 on 2 Attempt(s) - 100.00% - Score 0 goal in Penalty Kill
Sharks - 2 on 2 Attempt(s) - 100.00% - Score 0 goal in Penalty Kill

Team Stat

Penguins - Hits : 24 - Faceoff Wins : 38 - Blocked Shots : 5 - Penalty Minutes : 6
Sharks - Hits : 19 - Faceoff Wins : 45 - Blocked Shots : 0 - Penalty Minutes : 6

Official

Referees : Justin StPierre and TJ Luxmore
Linesman : Brian Mach and Derek Amell

Game Notes

No Game Note

Finance

Level 1 -- Attendance: 6215 (95.62%) -- Ticket Income $621,500
Level 2 -- Attendance: 4726 (94.52%) -- Ticket Income $283,560
Level 3 -- Attendance: 3475 (99.29%) -- Ticket Income $121,625
Level 4 -- Attendance: 1562 (100.00%) -- Ticket Income $31,240
Luxury Box -- Attendance: 975 (97.50%) -- Ticket Income $195,000
Game was played at the SAP center.
Total Attendance: 16953 (96.53%)
Total Ticket Income: $1,252,925
Other Income: $187,939
Total Income: $1,440,864

% Time on Ice - Penguins

Lines # - Real PCT - Wanted PCT - Time Play
Normal Forward
1 - 35% - 33% - 17:27
2 - 31% - 33% - 15:17
3 - 23% - 23% - 11:23
4 - 10% - 11% - 5:09
Normal Defense
1 - 36% - 40% - 17:58
2 - 35% - 35% - 17:12
3 - 29% - 25% - 14:06
4 - 0% - 0% - 0:00
PP Forward
1 - 31% - 60% - 1:14
2 - 69% - 40% - 2:44
PP Defense
1 - 80% - 60% - 3:11
2 - 20% - 40% - 0:47
PK Forward
1 - 71% - 60% - 2:49
2 - 29% - 40% - 1:09
PK Defense
1 - 49% - 60% - 1:56
2 - 51% - 40% - 2:02
PK3 Forward
1 - 0% - 60%
2 - 0% - 40%
PK3 Defense
1 - 0% - 60%
2 - 0% - 40%
44 Forward
1 - 66% - 60% - 1:18
2 - 34% - 40% - 0:41
44 Defense
1 - 63% - 60% - 1:15
2 - 37% - 40% - 0:44
Last Minute Offensive  - 0:00
Last Minute Defensive  - 0:49
Total
Forward - 60:00
Defense - 60:00

% Time on Ice - Sharks

Lines # - Real PCT - Wanted PCT - Time Play
Normal Forward
1 - 30% - 31% - 14:54
2 - 32% - 31% - 15:53
3 - 26% - 25% - 12:42
4 - 12% - 13% - 5:47
Normal Defense
1 - 35% - 37% - 17:15
2 - 34% - 37% - 16:59
3 - 29% - 26% - 14:14
4 - 2% - 0% - 0:48
PP Forward
1 - 46% - 60% - 1:49
2 - 54% - 40% - 2:09
PP Defense
1 - 53% - 60% - 2:07
2 - 47% - 40% - 1:51
PK Forward
1 - 76% - 60% - 3:00
2 - 24% - 40% - 0:58
PK Defense
1 - 53% - 60% - 2:07
2 - 47% - 40% - 1:51
PK3 Forward
1 - 0% - 60%
2 - 0% - 40%
PK3 Defense
1 - 0% - 60%
2 - 0% - 40%
44 Forward
1 - 91% - 60% - 1:48
2 - 9% - 40% - 0:11
44 Defense
1 - 9% - 60% - 0:11
2 - 91% - 40% - 1:48
Last Minute Offensive  - 0:49
Last Minute Defensive  - 0:00
Total
Forward - 60:00
Defense - 60:00

Play by Play

1st period


0:01 of 1st period - Anze Kopitar wins face-off versus Alexander Wennberg in neutral zone.
0:09 of 1st period - Off-side.
0:10 of 1st period - Ryan Nugent-Hopkins wins face-off versus William Nylander in neutral zone.
0:35 of 1st period - Shot by Jakub Voracek.
0:35 of 1st period - Stopped by Ryan Miller without a rebound.
0:36 of 1st period - Nick Bjugstad wins face-off versus Luke Glendening in Sharks zone.
1:14 of 1st period - Shot by Ryan Callahan.
1:14 of 1st period - Shot Misses the Net.
1:16 of 1st period - Shot by Dmitry Kulikov.
1:16 of 1st period - Stopped by Ryan Miller with a rebound.
1:33 of 1st period - Icing by Ryan Suter.
1:34 of 1st period - Alexander Wennberg wins face-off versus Anze Kopitar in Penguins zone.
1:54 of 1st period - Off-side.
1:55 of 1st period - Ryan Nugent-Hopkins wins face-off versus Pavel Zacha in neutral zone.
1:55 of 1st period - Marc Staal is hit by Oliver Bjorkstrand and loses puck.
2:19 of 1st period - Shot by Oliver Bjorkstrand.
2:19 of 1st period - Shot Misses the Net.
4:01 of 1st period - Shot by Sam Reinhart.
4:01 of 1st period - Shot Misses the Net.
4:09 of 1st period - Shot by Nikolay Kulemin.
4:09 of 1st period - Stopped by Louis Domingue without a rebound.
4:10 of 1st period - Ryan Nugent-Hopkins wins face-off versus Luke Glendening in Penguins zone.
4:10 of 1st period - Henrik Zetterberg is hit by David Savard.
4:23 of 1st period - Off-side.
4:24 of 1st period - Anze Kopitar wins face-off versus Pavel Zacha in neutral zone.
4:35 of 1st period - Shot by Nikolay Kulemin.
4:35 of 1st period - Shot Misses the Net.
4:39 of 1st period - Shot by Anze Kopitar.
4:39 of 1st period - Stopped by Louis Domingue with a rebound.
4:43 of 1st period - Shot by Anze Kopitar.
4:43 of 1st period - Shot Misses the Net.
5:47 of 1st period - Martin Havlat is hit by David Savard and loses puck.
5:51 of 1st period - Icing by Matt Hunwick.
5:52 of 1st period - Alexander Wennberg wins face-off versus Ryan Nugent-Hopkins in Penguins zone.
6:00 of 1st period - Shot by Nathan MacKinnon.
6:00 of 1st period - Stopped by Ryan Miller with a rebound.
6:02 of 1st period - Shot by Nathan MacKinnon.
6:02 of 1st period - Stopped by Ryan Miller without a rebound.
6:03 of 1st period - William Nylander wins face-off versus Ryan Nugent-Hopkins in Sharks zone.
6:19 of 1st period - Icing by Marc Staal.
6:20 of 1st period - Ryan Nugent-Hopkins wins face-off versus Ryan Callahan in Sharks zone.
6:20 of 1st period - Ryan Nugent-Hopkins is hit by David Perron.
6:30 of 1st period - Shot by Ryan Nugent-Hopkins.
6:30 of 1st period - Stopped by Louis Domingue without a rebound.
6:31 of 1st period - Brandon Saad wins face-off versus Anze Kopitar in Penguins zone.
6:31 of 1st period - David Savard is hit by Nikolay Kulemin and loses puck.
6:37 of 1st period - Minor Penalty to David Savard for Interference.
6:38 of 1st period - Luke Glendening wins face-off versus Sam Reinhart in Penguins zone.
6:47 of 1st period - Shot by Sam Reinhart.
6:47 of 1st period - Shot Misses the Net.
6:49 of 1st period - Shot by Seth Jones.
6:49 of 1st period - Stopped by Louis Domingue with a rebound.
6:51 of 1st period - Shot by Charlie Coyle.
6:51 of 1st period - Shot Blocked by Victor Hedman.
7:34 of 1st period - Off-side.
7:35 of 1st period - Luke Glendening wins face-off versus Ryan Nugent-Hopkins in neutral zone.
7:44 of 1st period - Shot by Robert Bortuzzo.
7:44 of 1st period - Shot Misses the Net.
7:48 of 1st period - Shot by Nick Bjugstad.
7:48 of 1st period - Stopped by Louis Domingue without a rebound.
7:49 of 1st period - Ryan Nugent-Hopkins wins face-off versus Pavel Zacha in Penguins zone.
7:54 of 1st period - Shot by Henrik Zetterberg.
7:54 of 1st period - Deflect By Ryan Nugent-Hopkins.
7:54 of 1st period - Shot Blocked by Matt Hunwick.
8:26 of 1st period - Shot by Henrik Zetterberg.
8:26 of 1st period - Shot Misses the Net.
8:38 of 1st period - Shot by Henrik Zetterberg.
8:38 of 1st period - Shot Misses the Net.
9:00 of 1st period - Shot by Andrew Shaw.
9:00 of 1st period - Shot Misses the Net.
9:02 of 1st period - Shot by Brooks Laich.
9:02 of 1st period - Shot Misses the Net.
9:04 of 1st period - Shot by Brenden Dillon.
9:04 of 1st period - Shot Blocked by Xavier Ouellet.
10:12 of 1st period - Icing by Nikolay Kulemin.
10:13 of 1st period - Anze Kopitar wins face-off versus Luke Glendening in Sharks zone.
11:16 of 1st period - Matt Hunwick is hit by Charlie Coyle and loses puck.
11:34 of 1st period - Icing by Seth Jones.
11:35 of 1st period - William Nylander wins face-off versus Nick Bjugstad in Sharks zone.
11:46 of 1st period - Victor Hedman is hit by Nick Bjugstad and loses puck.
12:03 of 1st period - Shot by Martin Havlat.
12:03 of 1st period - Shot Hit the Post.
12:57 of 1st period - Shot by Phil Kessel.
12:57 of 1st period - Stopped by Ryan Miller without a rebound.
12:58 of 1st period - Pavel Zacha wins face-off versus Ryan Nugent-Hopkins in Sharks zone.
13:06 of 1st period - Charlie Coyle is hit by Dmitry Kulikov and loses puck.
13:11 of 1st period - Shot by Henrik Zetterberg.
13:11 of 1st period - Stopped by Louis Domingue without a rebound.
13:12 of 1st period - Alexander Wennberg wins face-off versus Anze Kopitar in Penguins zone.
13:12 of 1st period - Alexander Wennberg is hit by Anze Kopitar.
13:15 of 1st period - Matt Hunwick is hit by Nikolay Kulemin and loses puck.
13:22 of 1st period - Andrej Sustr is hit by Nathan MacKinnon and loses puck.
13:35 of 1st period - Shot by Alexander Wennberg.
13:35 of 1st period - Stopped by Ryan Miller without a rebound.
13:36 of 1st period - Ryan Nugent-Hopkins wins face-off versus Luke Glendening in Sharks zone.
13:38 of 1st period - Charlie Coyle is hit by David Perron and loses puck.
13:44 of 1st period - Victor Hedman is hit by Robert Bortuzzo and loses puck.
14:36 of 1st period - Henrik Zetterberg is hit by Ryan Suter.
15:19 of 1st period - Shot by Alexander Wennberg.
15:19 of 1st period - Deflect By Nathan MacKinnon.
15:19 of 1st period - Goal by Nathan MacKinnon - Penguins : 1 - Sharks : 0.
15:20 of 1st period - William Nylander wins face-off versus Anze Kopitar in neutral zone.
15:51 of 1st period - Shot by Sam Reinhart.
15:51 of 1st period - Stopped by Louis Domingue with a rebound.
16:44 of 1st period - Shot by Nick Bjugstad.
16:44 of 1st period - Stopped by Louis Domingue without a rebound.
16:45 of 1st period - Charlie Coyle wins face-off versus Luke Glendening in Penguins zone.
16:52 of 1st period - Shot by Charlie Coyle.
16:52 of 1st period - Stopped by Louis Domingue with a rebound.
16:54 of 1st period - Shot by Charlie Coyle.
16:54 of 1st period - Stopped by Louis Domingue without a rebound.
16:55 of 1st period - Pavel Zacha wins face-off versus Dave Bolland in Penguins zone.
17:12 of 1st period - Shot by Dave Bolland.
17:12 of 1st period - Shot Misses the Net.
17:14 of 1st period - Shot by Seth Jones.
17:14 of 1st period - Stopped by Louis Domingue without a rebound.
17:15 of 1st period - Alexander Wennberg wins face-off versus Anze Kopitar in Penguins zone.
17:28 of 1st period - Shot by Nathan MacKinnon.
17:28 of 1st period - Deflect By Phil Kessel.
17:28 of 1st period - Goal by Phil Kessel - Penguins : 2 - Sharks : 0.
17:29 of 1st period - William Nylander wins face-off versus Ryan Nugent-Hopkins in neutral zone.
17:31 of 1st period - Off-side.
17:32 of 1st period - Anze Kopitar wins face-off versus William Nylander in neutral zone.
17:51 of 1st period - Shot by Nikolay Kulemin.
17:51 of 1st period - Stopped by Louis Domingue with a rebound.
17:53 of 1st period - Shot by Nikolay Kulemin.
17:53 of 1st period - Shot Misses the Net.
17:55 of 1st period - Shot by Nikolay Kulemin.
17:55 of 1st period - Stopped by Louis Domingue with a rebound.
17:57 of 1st period - Shot by Anze Kopitar.
17:57 of 1st period - Deflect By Nikolay Kulemin.
17:57 of 1st period - Stopped by Louis Domingue without a rebound.
17:58 of 1st period - Martin Havlat wins face-off versus Alexander Wennberg in Penguins zone.
18:03 of 1st period - Shot by Nick Bjugstad.
18:03 of 1st period - Goal by Nick Bjugstad - Penguins : 2 - Sharks : 1.
18:04 of 1st period - Alexander Wennberg wins face-off versus Nick Bjugstad in neutral zone.
18:04 of 1st period - Phil Kessel is hit by Nick Bjugstad and loses puck.
18:12 of 1st period - Phil Kessel is hit by Marc Staal and loses puck.
18:22 of 1st period - Alexander Wennberg is hit by Andrej Sustr and loses puck.
18:27 of 1st period - Shot by Nathan MacKinnon.
18:27 of 1st period - Shot Misses the Net.
18:29 of 1st period - Shot by Matt Hunwick.
18:29 of 1st period - Stopped by Ryan Miller without a rebound.
18:30 of 1st period - Ryan Nugent-Hopkins wins face-off versus William Nylander in Sharks zone.
19:42 of 1st period - Shot by Anze Kopitar.
19:42 of 1st period - Stopped by Louis Domingue without a rebound.
19:43 of 1st period - Luke Glendening wins face-off versus Nick Bjugstad in Penguins zone.
19:54 of 1st period - Shot by David Perron.
19:54 of 1st period - Stopped by Ryan Miller without a rebound.
19:55 of 1st period - Alexander Wennberg wins face-off versus Anze Kopitar in Sharks zone.
Goals for this period are 2 for Penguins vs 1 for Sharks.
Shots for this period are 10 for Penguins vs 16 for Sharks.

2nd period


0:01 of 2nd period - Alexander Wennberg wins face-off versus Nick Bjugstad in neutral zone.
1:02 of 2nd period - Off-side.
1:03 of 2nd period - William Nylander wins face-off versus Ryan Nugent-Hopkins in neutral zone.
1:37 of 2nd period - Icing by Seth Jones.
1:38 of 2nd period - Ryan Nugent-Hopkins wins face-off versus Luke Glendening in Sharks zone.
1:58 of 2nd period - David Perron is hit by Brenden Dillon and loses puck.
2:31 of 2nd period - Off-side.
2:32 of 2nd period - William Nylander wins face-off versus Dave Bolland in neutral zone.
2:45 of 2nd period - Shot by Andrew Shaw.
2:45 of 2nd period - Shot Misses the Net.
3:12 of 2nd period - Icing by Andrew Shaw.
3:13 of 2nd period - Alexander Wennberg wins face-off versus Dave Bolland in Sharks zone.
3:31 of 2nd period - Icing by Nathan MacKinnon.
3:32 of 2nd period - Alexander Wennberg wins face-off versus Sam Reinhart in Penguins zone.
3:32 of 2nd period - Alexander Wennberg is hit by Nikolay Kulemin.
3:48 of 2nd period - Shot by Sam Reinhart.
3:48 of 2nd period - Shot Misses the Net.
4:44 of 2nd period - Shot by Jakub Voracek.
4:44 of 2nd period - Stopped by Ryan Miller with a rebound.
5:10 of 2nd period - Shot by Brandon Saad.
5:10 of 2nd period - Stopped by Ryan Miller without a rebound.
5:11 of 2nd period - Ryan Nugent-Hopkins wins face-off versus Luke Glendening in Sharks zone.
5:46 of 2nd period - Shot by Ryan Nugent-Hopkins.
5:46 of 2nd period - Stopped by Louis Domingue with a rebound.
6:29 of 2nd period - Icing by Seth Jones.
6:30 of 2nd period - Nick Bjugstad wins face-off versus Alexander Wennberg in Sharks zone.
6:35 of 2nd period - Andrew Shaw is hit by Nathan MacKinnon and loses puck.
6:54 of 2nd period - Shot by Martin Havlat.
6:54 of 2nd period - Shot Misses the Net.
7:11 of 2nd period - Minor Penalty to Robert Bortuzzo for Tripping.
7:11 of 2nd period - Minor Penalty to Alexander Wennberg for Tripping.
7:12 of 2nd period - Nathan MacKinnon wins face-off versus Anze Kopitar in Sharks zone.
8:41 of 2nd period - Shot by Jacob De La Rose.
8:41 of 2nd period - Shot Misses the Net.
9:13 of 2nd period - Shot by Ryan Nugent-Hopkins.
9:13 of 2nd period - Stopped by Louis Domingue with a rebound.
9:29 of 2nd period - Andrew Shaw is hit by David Perron and loses puck.
9:47 of 2nd period - Nick Bjugstad is hit by Dmitry Kulikov and loses puck.
11:28 of 2nd period - Shot by Dave Bolland.
11:28 of 2nd period - Shot Misses the Net.
11:30 of 2nd period - Shot by Andrew Shaw.
11:30 of 2nd period - Stopped by Louis Domingue without a rebound.
11:31 of 2nd period - Dave Bolland wins face-off versus Pavel Zacha in Penguins zone.
12:22 of 2nd period - Shot by Nathan MacKinnon.
12:22 of 2nd period - Stopped by Ryan Miller without a rebound.
12:23 of 2nd period - Ryan Nugent-Hopkins wins face-off versus William Nylander in Sharks zone.
12:36 of 2nd period - Shot by Ryan Nugent-Hopkins.
12:36 of 2nd period - Stopped by Louis Domingue with a rebound.
12:38 of 2nd period - Shot by Charlie Coyle.
12:38 of 2nd period - Shot Misses the Net.
13:12 of 2nd period - Shot by Anze Kopitar.
13:12 of 2nd period - Stopped by Louis Domingue with a rebound.
13:14 of 2nd period - Shot by Nikolay Kulemin.
13:14 of 2nd period - Stopped by Louis Domingue without a rebound.
13:15 of 2nd period - Anze Kopitar wins face-off versus Alexander Wennberg in Penguins zone.
13:28 of 2nd period - Anze Kopitar is hit by Nathan MacKinnon and loses puck.
14:16 of 2nd period - Icing by Matt Hunwick.
14:17 of 2nd period - Nick Bjugstad wins face-off versus Alexander Wennberg in Penguins zone.
14:20 of 2nd period - Shot by Andrew Shaw.
14:20 of 2nd period - Shot Misses the Net.
14:22 of 2nd period - Shot by Martin Havlat.
14:22 of 2nd period - Shot Misses the Net.
14:24 of 2nd period - Shot by Martin Havlat.
14:24 of 2nd period - Stopped by Louis Domingue without a rebound.
14:25 of 2nd period - Ryan Nugent-Hopkins wins face-off versus William Nylander in Penguins zone.
14:25 of 2nd period - Minor Penalty to Ryan Suter for Hooking.
14:26 of 2nd period - Ryan Nugent-Hopkins wins face-off versus Luke Glendening in Penguins zone.
14:26 of 2nd period - Ryan Nugent-Hopkins is hit by Dmitry Kulikov.
14:59 of 2nd period - Nick Bjugstad is hit by Victor Hedman.
15:25 of 2nd period - Shot by Sam Reinhart.
15:25 of 2nd period - Shot Misses the Net.
15:33 of 2nd period - Shot by Charlie Coyle.
15:33 of 2nd period - Stopped by Louis Domingue with a rebound.
15:43 of 2nd period - Shot by Sam Reinhart.
15:43 of 2nd period - Stopped by Louis Domingue without a rebound.
15:44 of 2nd period - Pavel Zacha wins face-off versus Charlie Coyle in Penguins zone.
16:03 of 2nd period - Shot by Seth Jones.
16:03 of 2nd period - Shot Blocked by Matt Hunwick.
16:05 of 2nd period - Shot by Anze Kopitar.
16:05 of 2nd period - Stopped by Louis Domingue without a rebound.
16:06 of 2nd period - Jacob De La Rose wins face-off versus Ryan Nugent-Hopkins in Penguins zone.
16:49 of 2nd period - Seth Jones is hit by Alexander Wennberg and loses puck.
17:01 of 2nd period - Icing by Ryan Suter.
17:02 of 2nd period - Ryan Nugent-Hopkins wins face-off versus Alexander Wennberg in Penguins zone.
17:12 of 2nd period - Icing by Victor Hedman.
17:13 of 2nd period - Alexander Wennberg wins face-off versus Anze Kopitar in Penguins zone.
17:24 of 2nd period - Shot by Nathan MacKinnon.
17:24 of 2nd period - Stopped by Ryan Miller without a rebound.
17:25 of 2nd period - Ryan Nugent-Hopkins wins face-off versus William Nylander in Sharks zone.
17:29 of 2nd period - Charlie Coyle is hit by Brandon Saad and loses puck.
17:49 of 2nd period - Henrik Zetterberg is hit by David Savard and loses puck.
18:03 of 2nd period - Henrik Zetterberg is hit by Matt Hunwick.
18:24 of 2nd period - Sam Reinhart is hit by Matt Hunwick and loses puck.
18:31 of 2nd period - Shot by Anze Kopitar.
18:31 of 2nd period - Stopped by Louis Domingue without a rebound.
18:32 of 2nd period - Luke Glendening wins face-off versus Andrew Shaw in Penguins zone.
18:32 of 2nd period - Luke Glendening is hit by Nick Bjugstad.
18:35 of 2nd period - David Perron is hit by Andrew Shaw and loses puck.
18:43 of 2nd period - Ryan Callahan is hit by Brenden Dillon and loses puck.
18:55 of 2nd period - Luke Glendening is hit by Brenden Dillon.
Goals for this period are 0 for Penguins vs 0 for Sharks.
Shots for this period are 4 for Penguins vs 11 for Sharks.

3rd period


0:01 of 3rd period - Ryan Nugent-Hopkins wins face-off versus William Nylander in neutral zone.
0:06 of 3rd period - Shot by Ryan Nugent-Hopkins.
0:06 of 3rd period - Stopped by Louis Domingue with a rebound.
0:29 of 3rd period - Shot by William Nylander.
0:29 of 3rd period - Shot Misses the Net.
0:31 of 3rd period - Shot by Jakub Voracek.
0:31 of 3rd period - Stopped by Ryan Miller without a rebound.
0:32 of 3rd period - Anze Kopitar wins face-off versus Luke Glendening in Sharks zone.
0:48 of 3rd period - Shot by David Perron.
0:48 of 3rd period - Stopped by Ryan Miller without a rebound.
0:49 of 3rd period - Nick Bjugstad wins face-off versus Alexander Wennberg in Sharks zone.
1:48 of 3rd period - Shot by Henrik Zetterberg.
1:48 of 3rd period - Stopped by Louis Domingue without a rebound.
1:49 of 3rd period - William Nylander wins face-off versus Anze Kopitar in Penguins zone.
1:55 of 3rd period - Minor Penalty to Seth Jones for Boarding.
1:56 of 3rd period - Dave Bolland wins face-off versus William Nylander in Sharks zone.
2:25 of 3rd period - Shot by Jakub Voracek.
2:25 of 3rd period - Shot Misses the Net.
2:27 of 3rd period - Shot by Victor Hedman.
2:27 of 3rd period - Stopped by Ryan Miller with a rebound.
2:29 of 3rd period - Shot by Victor Hedman.
2:29 of 3rd period - Stopped by Ryan Miller without a rebound.
2:30 of 3rd period - Alexander Wennberg wins face-off versus Dave Bolland in Sharks zone.
2:52 of 3rd period - Off-side.
2:53 of 3rd period - William Nylander wins face-off versus Dave Bolland in neutral zone.
3:08 of 3rd period - Shot by Victor Hedman.
3:08 of 3rd period - Stopped by Ryan Miller without a rebound.
3:09 of 3rd period - Dave Bolland wins face-off versus Alexander Wennberg in Sharks zone.
3:09 of 3rd period - Dave Bolland is hit by Nathan MacKinnon.
3:23 of 3rd period - Shot by Matt Hunwick.
3:23 of 3rd period - Stopped by Ryan Miller without a rebound.
3:24 of 3rd period - Dave Bolland wins face-off versus William Nylander in Sharks zone.
3:24 of 3rd period - Dave Bolland is hit by Jakub Voracek.
3:43 of 3rd period - Shot by Ryan Suter.
3:43 of 3rd period - Stopped by Ryan Miller with a rebound.
3:45 of 3rd period - Shot by Victor Hedman.
3:45 of 3rd period - Stopped by Ryan Miller without a rebound.
3:46 of 3rd period - Dave Bolland wins face-off versus Alexander Wennberg in Sharks zone.
4:40 of 3rd period - Icing by Andrej Sustr.
4:41 of 3rd period - Ryan Nugent-Hopkins wins face-off versus William Nylander in Sharks zone.
5:12 of 3rd period - Shot by Anze Kopitar.
5:12 of 3rd period - Stopped by Louis Domingue with a rebound.
5:14 of 3rd period - Shot by Anze Kopitar.
5:14 of 3rd period - Stopped by Louis Domingue without a rebound.
5:15 of 3rd period - Nick Bjugstad wins face-off versus Phil Kessel in Penguins zone.
5:42 of 3rd period - David Savard is hit by Andrew Shaw and loses puck.
5:53 of 3rd period - Shot by Phil Kessel.
5:53 of 3rd period - Stopped by Ryan Miller without a rebound.
5:54 of 3rd period - Sam Reinhart wins face-off versus William Nylander in Sharks zone.
6:26 of 3rd period - Icing by Victor Hedman.
6:27 of 3rd period - William Nylander wins face-off versus Ryan Nugent-Hopkins in Penguins zone.
6:49 of 3rd period - Shot by William Nylander.
6:49 of 3rd period - Stopped by Ryan Miller without a rebound.
6:50 of 3rd period - Luke Glendening wins face-off versus Nick Bjugstad in Sharks zone.
7:11 of 3rd period - Shot by Luke Glendening.
7:11 of 3rd period - Deflect By David Perron.
7:11 of 3rd period - Shot Misses the Net.
7:48 of 3rd period - Icing by Xavier Ouellet.
7:49 of 3rd period - Anze Kopitar wins face-off versus Phil Kessel in Penguins zone.
7:58 of 3rd period - Shot by Anze Kopitar.
7:58 of 3rd period - Stopped by Louis Domingue without a rebound.
7:59 of 3rd period - Ryan Nugent-Hopkins wins face-off versus William Nylander in Penguins zone.
8:58 of 3rd period - Off-side.
8:59 of 3rd period - Dave Bolland wins face-off versus Alexander Wennberg in neutral zone.
9:20 of 3rd period - Shot by Andrew Shaw.
9:20 of 3rd period - Stopped by Louis Domingue without a rebound.
9:21 of 3rd period - Anze Kopitar wins face-off versus Jacob De La Rose in Penguins zone.
9:21 of 3rd period - Andrej Sustr is hit by Dmitry Kulikov and loses puck.
9:26 of 3rd period - Shot by Anze Kopitar.
9:26 of 3rd period - Shot Misses the Net.
9:28 of 3rd period - Shot by Andrej Sustr.
9:28 of 3rd period - Shot Misses the Net.
9:30 of 3rd period - Shot by Anze Kopitar.
9:30 of 3rd period - Deflect By Sam Reinhart.
9:30 of 3rd period - Stopped by Louis Domingue without a rebound.
9:31 of 3rd period - Ryan Nugent-Hopkins wins face-off versus Alexander Wennberg in Penguins zone.
9:45 of 3rd period - Shot by David Savard.
9:45 of 3rd period - Stopped by Ryan Miller without a rebound.
9:46 of 3rd period - Luke Glendening wins face-off versus Sam Reinhart in Sharks zone.
10:03 of 3rd period - Victor Hedman is hit by Nikolay Kulemin and loses puck.
11:12 of 3rd period - Marc Staal is hit by Matt Hunwick and loses puck.
11:21 of 3rd period - Shot by Brandon Saad.
11:21 of 3rd period - Stopped by Ryan Miller without a rebound.
11:22 of 3rd period - Alexander Wennberg wins face-off versus Nick Bjugstad in Sharks zone.
12:20 of 3rd period - Alexander Wennberg is hit by Charlie Coyle and loses puck.
12:25 of 3rd period - Shot by Henrik Zetterberg.
12:25 of 3rd period - Stopped by Louis Domingue with a rebound.
13:26 of 3rd period - Shot by Dave Bolland.
13:26 of 3rd period - Stopped by Louis Domingue without a rebound.
13:27 of 3rd period - Pavel Zacha wins face-off versus Anze Kopitar in Penguins zone.
13:44 of 3rd period - Shot by Pavel Zacha.
13:44 of 3rd period - Shot Hit the Post.
14:43 of 3rd period - Shot by Henrik Zetterberg.
14:43 of 3rd period - Stopped by Louis Domingue with a rebound.
14:58 of 3rd period - Minor Penalty to Charlie Coyle for Tripping.
14:59 of 3rd period - Dave Bolland wins face-off versus William Nylander in Sharks zone.
16:07 of 3rd period - Shot by Ryan Suter.
16:07 of 3rd period - Stopped by Ryan Miller with a rebound.
16:09 of 3rd period - Shot by Ryan Suter.
16:09 of 3rd period - Shot Misses the Net.
16:11 of 3rd period - Shot by Ryan Suter.
16:11 of 3rd period - Shot Misses the Net.
16:13 of 3rd period - Shot by Phil Kessel.
16:13 of 3rd period - Stopped by Ryan Miller without a rebound.
16:14 of 3rd period - Brooks Laich wins face-off versus William Nylander in Sharks zone.
16:20 of 3rd period - Icing by Victor Hedman.
16:21 of 3rd period - Brooks Laich wins face-off versus William Nylander in Penguins zone.
17:04 of 3rd period - Ryan Nugent-Hopkins is hit by Dmitry Kulikov and loses puck.
17:17 of 3rd period - Shot by Charlie Coyle.
17:17 of 3rd period - Shot Blocked by Dmitry Kulikov.
17:33 of 3rd period - Shot by Henrik Zetterberg.
17:33 of 3rd period - Shot Misses the Net.
18:18 of 3rd period - Icing by Victor Hedman.
18:19 of 3rd period - Anze Kopitar wins face-off versus Alexander Wennberg in Penguins zone.
18:20 of 3rd period - Shot by Nikolay Kulemin.
18:20 of 3rd period - Stopped by Louis Domingue with a rebound.
18:23 of 3rd period - Icing by Ryan Suter.
18:24 of 3rd period - Anze Kopitar wins face-off versus Alexander Wennberg in Penguins zone.
18:47 of 3rd period - Shot by Nikolay Kulemin.
18:47 of 3rd period - Stopped by Louis Domingue without a rebound.
18:48 of 3rd period - William Nylander wins face-off versus Ryan Nugent-Hopkins in Penguins zone.
18:50 of 3rd period - Icing by David Savard.
18:51 of 3rd period - William Nylander wins face-off versus Nick Bjugstad in Penguins zone.
19:02 of 3rd period - David Savard is hit by Nick Bjugstad and loses puck.
19:10 of 3rd period - Off-side.
19:11 of 3rd period - Nathan MacKinnon wins face-off versus Anze Kopitar in neutral zone.
19:16 of 3rd period - Shot by Ryan Callahan.
19:16 of 3rd period - Stopped by Ryan Miller without a rebound.
19:17 of 3rd period - Nathan MacKinnon wins face-off versus Anze Kopitar in Sharks zone.
19:27 of 3rd period - Shot by Ryan Callahan.
19:27 of 3rd period - Stopped by Ryan Miller with a rebound.
19:50 of 3rd period - Shot by Ryan Callahan.
19:50 of 3rd period - Shot Misses the Net.
19:52 of 3rd period - Shot by Ryan Callahan.
19:52 of 3rd period - Shot Misses the Net.
19:54 of 3rd period - Shot by Luke Glendening.
19:54 of 3rd period - Shot Misses the Net.
19:56 of 3rd period - Shot by Luke Glendening.
19:56 of 3rd period - Stopped by Ryan Miller with a rebound.
Goals for this period are 0 for Penguins vs 0 for Sharks.
Shots for this period are 17 for Penguins vs 12 for Sharks.